 Dungeon Crawl Stone Soup version 0.18-a0-1426-g3b9a63c (webtiles) character file.

33 namelastname112 the Insei (level 3, -3/28 HPs)
             Began as a Draconian Transmuter on Feb 27, 2016.
             Slain by a gnoll
             ... wielding a +0 halberd
              (8 damage)
             ... on level 1 of the Dungeon.
             The game lasted 00:01:27 (1193 turns).

namelastname112 the Insei (Draconian Transmuter)    Turns: 1193, Time: 00:01:27

Health: -3/28      AC:  5    Str: 12    XL:     3   Next: 12%
Magic:  3/6        EV: 12    Int: 13    God:
Gold:   70         SH:  0    Dex: 12    Spells: 2 memorised, 3 levels left

rFire  . . .     SeeInvis .       - Unarmed
rCold  . . .     Gourm    .     (armour unavailable)
rNeg   . . .     Faith    .     (no shield)
rPois  .         Spirit   .     (helmet restricted)
rElec  .         Dismiss  .     (no cloak)
rCorr  +         Reflect  .     (no gloves)
SustAt .         Harm     .     (no boots)
MR     .....                    (no amulet)
Stlth  +.........               (no ring)
                                f - ring of resist corrosion

@: not resistant to hostile enchantments, very unstealthy
A: unfitting armour, cold-blooded, AC +5
a: no special abilities


You were on level 1 of the Dungeon.
You were very hungry.

You visited 1 branch of the dungeon, and saw 2 of its levels.

You collected 70 gold pieces.

Inventory:

Missiles
 a - 10 arrows
Armour
 g - a +0 buckler
Jewellery
 f - a ring of resist corrosion (left hand)
Scrolls
 e - a scroll of fog {unknown}
 h - a scroll of magic mapping {unknown}
Books
 b - a book of Changes

   Spells                             Type                      Level
   a - Beastly Appendage              Transmutation                1
   b - Sticks to Snakes               Transmutation                2
   c - Spider Form                    Transmutation/Poison         3
   d - Ice Form                       Ice/Transmutation            4
   e - Blade Hands                    Transmutation                5
Comestibles
 c - a bread ration
 d - a beef jerky


   Skills:
 - Level 1.1 Fighting
 - Level 1.7 Dodging
 + Level 3.7 Unarmed Combat
 - Level 2.0 Spellcasting
 + Level 2.8 Transmutations


You had 3 spell levels left.
You knew the following spells:

 Your Spells              Type           Power        Failure   Level  Hunger
a - Beastly Appendage     Trmt           #.....       10%         1    ##.....
x - Sticks to Snakes      Trmt           #.......     14%         2    ###....


Dungeon Overview and Level Annotations

Branches:
Dungeon (2/15)

Altars:
Cheibriados


Innate Abilities, Weirdness & Mutations

Your plain brown scales are hard (AC +5).
Your body does not fit into most forms of armour.
You are cold-blooded and may be slowed by cold attacks.


Message History

The gnoll hits you but does no damage. The gnoll closely misses you.
The gnoll hits you but does no damage.
There is a stone staircase leading up here.
The gnoll hits you from afar with a spear!
Your magical contamination has completely faded away.
You climb upwards.
There is a stone staircase leading down here.
You hit the gnoll but do no damage. The gnoll hits you with a halberd!
You hit the gnoll.
The gnoll is moderately wounded.
The gnoll hits you with a halberd.
* * * LOW HITPOINT WARNING * * *
You are too injured to fight recklessly!
You are too injured to fight recklessly!
The gnoll closely misses you.
Casting: Sticks to Snakes
Confirm with . or Enter, or press ? or * to list all spells.
You create a snake!
You now have 10 arrows.
The gnoll hits you from afar with a halberd!
You die...

#.##.##.#...###.## # #####
#.##.##..###.#...##### ....#
#........###(......... ###.#
####..##.#.#.#...##... #.#
#..###...###....... #.#
#########..##.#.#.######... #.#
#...............##.# #...
#.###.#######..##.###.## ####
#.##[........S@###.#.## #
###.##..########.# ##.## #
........# #g# ### #
###.###.###### #.# # #.#
#(.....# #.# #.# ######.# #.#
#.########.# #.#
#........#.###.################
########.....>.................


You could see a gnoll and a friendly ball python.

Vanquished Creatures
  An ooze (D:1)
  A worm (D:2)
  2 bats (D:1)
  3 giant cockroaches (D:1)
  7 goblins (D:1)
  A hobgoblin (D:1)
  3 kobolds (D:1)
  2 giant newts (D:1)
  6 rats (D:1)
26 creatures vanquished.

Notes
Turn   | Place    | Note
--------------------------------------------------------------
     0 | D:1      | namelastname112 the Draconian Transmuter began the quest for the Orb.
     0 | D:1      | Reached XP level 1. HP: 16/16 MP: 3/3
   156 | D:1      | Reached XP level 2. HP: 17/23 MP: 5/5
   192 | D:1      | Learned a level 2 spell: Sticks to Snakes
   758 | D:1      | Reached XP level 3. HP: 18/28 MP: 6/6
  1095 | D:2      | Found a snail-covered altar of Cheibriados.
  1193 | D:1      | Slain by a gnoll

Vault maps used:
D:1:      elethiomel_arrival_infinity_welcomes_careful_drivers
D:2:      cheibriados_altar_1

Action                   || total
-------------------------++-------
Melee: Unarmed           ||   113
 Cast: Sticks to Snakes  ||     2
 Stab: Sleeping          ||     2
